 Dungeon Crawl Stone Soup version 0.29.1-4-g47bece8355 (webtiles) character file.

Game seed: 13192960029725659959

5734 Joey1 the Cleaver (level 10, -1/95 HPs)
             Began as a Minotaur Fighter on Dec 9, 2022.
             Was a High Priest of Okawaru.
             Slain by a troll (8 damage)
             ... on level 9 of the Dungeon.
             The game lasted 00:25:35 (9838 turns).

Joey1 the Cleaver (Minotaur Fighter)                Turns: 9838, Time: 00:25:36

Health: -1/95      AC:  8    Str: 26    XL:     10   Next: 48%
Magic:  9/9        EV:  9    Int:  5    God:    Okawaru [*****.]
Gold:   408        SH: 20    Dex: 12    Spells: 9/9 levels left

rFire   + . .      SeeInvis .   r - +5 hand axe "Uleliuny" {drain, Dex+3 Stlth+}
rCold   . . .      Faith    .   O - +0 tower shield
rNeg    . . .      Spirit   .   b - +0 scale mail
rPois   .          Reflect  +   (helmet restricted)
rElec   .          Harm     .   (no cloak)
rCorr   .          Rampage  .   D - +0 pair of gloves
Will    +....                   (no boots)
Stlth   +.........              t - amulet of reflection
HPRegen 0.25/turn               u - ring of protection from fire
MPRegen 0.11/turn               Q - ring of willpower

@: no status effects
A: horns 2, retaliatory headbutt
a: Renounce Religion, Heroism, Finesse, Duel


You were on level 9 of the Dungeon.
You worshipped Okawaru.
Okawaru was extremely pleased with you.
You visited 1 branch of the dungeon, and saw 9 of its levels.

You collected 584 gold pieces.
You spent 176 gold pieces at shops.

Inventory:

Hand Weapons
 a - a +0 war axe
 p - a +2 mace of protection
 r - the +5 hand axe "Uleliuny" (weapon) {drain, Dex+3 Stlth+}
   (You found it on level 2 of the Dungeon)

   A truly terrible weapon, it drains the life of any living foe it strikes.
   Dex:       It affects your dexterity (+3).
   Stlth:     It makes you more stealthy.
 s - a +1 broad axe of freezing
Missiles
 G - 3 throwing nets (quivered)
Armour
 b - a +0 scale mail (worn)
 c - a +0 buckler
 D - a +0 pair of gloves (worn)
 E - a +0 kite shield
 O - a +0 tower shield (worn)
Jewellery
 n - an amulet of the acrobat
 t - an amulet of reflection (around neck)
 u - a ring of protection from fire (left hand)
 F - a ring of fire
 J - a ring of see invisible
 N - a +6 ring of dexterity
 Q - a ring of willpower (right hand)
Wands
 K - a wand of light (12)
 M - a wand of mindburst (11)
Scrolls
 f - 2 scrolls of vulnerability
 i - 2 scrolls of magic mapping
 j - a scroll of butterflies
 m - 2 scrolls of immolation {unknown}
 o - 2 scrolls of silence
 q - 4 scrolls of teleportation
 x - 5 scrolls of noise {unknown}
 y - 3 scrolls of poison {unknown}
 z - 2 scrolls of summoning {unknown}
 A - 2 scrolls of fear {unknown}
 C - a scroll of torment {unknown}
 L - a scroll of blinking {unknown}
 P - a scroll of brand weapon {unknown}
Potions
 d - 3 potions of might
 e - a potion of cancellation {unknown}
 g - 9 potions of curing
 h - a potion of brilliance {unknown}
 k - 3 potions of degeneration
 l - 3 potions of haste
 v - a potion of lignification {unknown}
 w - 5 potions of mutation
 B - 3 potions of attraction {unknown}
 H - 2 potions of heal wounds {unknown}
 I - a potion of resistance {unknown}


   Skills:
 - Level 11.0 Fighting
 - Level 11.0 Axes
 - Level 6.0 Armour
 + Level 4.5 Dodging
 + Level 10.0 Shields


You had 9 spell levels left.
You didn't know any spells.
Your spell library contained the following spells:

 Spells                   Type           Power      Damage    Failure   Level
 Apportation              Tloc           0%         N/A       100%        1
 Necrotise                Necr           0%         1d4       100%        1
 Poisonous Vapours        Pois/Air       0%         N/A       100%        2
 Gell's Gravitas          Tloc           0%         N/A       100%        3
 Lesser Beckoning         Tloc           0%         N/A       100%        3
 Teleport Other           Tloc           0%         N/A       100%        3
 Corpse Rot               Necr/Pois/Air  0%         N/A       100%        4
 Summon Small Mammal      Summ           Unusable   N/A       N/A         1

Dungeon Overview and Level Annotations

Branches:
Dungeon (9/15)             Temple (0/1) D:7            Lair (0/5) D:8
    Orc (0/2) D:9

Altars:
Ashenzari
Elyvilon
Fedhas
Hepliaklqana
Makhleb
Nemelex Xobeh
Okawaru
Trog
Xom
Yredelemnul
Zin
The Shining One

Shops:
D:2 =(?   D:4 [(([   D:7 *

Annotations:
D:7 2 transporters, ketamineguy's ghost, novice MiFi


Innate Abilities, Weirdness & Mutations

You have a pair of horns on your head.
You reflexively headbutt those who attack you in melee.


Message History

The orc warrior hits you from afar with a +0 trident!
* * * LOW HITPOINT WARNING * * *
The orc priest miscasts a cantrip.
You block the orc priest's attack.
The orc priest attacks as you move away!
You block the orc priest's attack. x2
The orc priest begins to cast a cantrip, but forgets the words!
The orc priest attacks as you move away!
The orc priest barely misses you. You furiously retaliate!
You headbutt the orc priest!
You kill the orc priest!
Okawaru accepts your kill.
The orc priest casts a cantrip, but nothing happens.
The orc priest invokes the aid of Beogh against you.
Beogh smites you!
* * * LOW HITPOINT WARNING * * *
There is an open door here.
The orc priest looks encouraged for a moment.
Okay, then.
There is an open door here.
There is an open door here.
There is an open door here.
You open the door.
A troll comes into view.
The troll shouts!
You block the orc warrior's attack.
There is an open door here.
The troll barely misses you. You block the troll's attack. x2
The troll attacks as you move away! You block the troll's attack.
The troll closely misses you. You block the troll's attack.
The orc priest looks braver for a moment.
There is an open door here.
The troll attacks as you move away! The troll bites you!
* * * LOW HITPOINT WARNING * * *
You block the troll's attack. x2
The troll attacks as you move away! You block the troll's attack. x3
You feel better.
The orc warrior yells noisily.
You block the troll's attack. x2; The troll claws you!
You die...

..)#....'....#
...'.####....# ...###
#....# '### ###'## .#
##..# ## #..## #
#####'##### ########## #
#.........#####........#
#
#.....o..ooT@.#........#
###
#.........###.#........#
'.###.........#
#.'........#
#...'.........#
###........#
#####.........#
#........# # #######+###
#........# # #........#
###'###### #### #..##


You could see a troll, an orc warrior, an orc priest and an orc.

Vanquished Creatures
  A two-headed ogre (D:9)
  A kobold demonologist (D:9)
  The ghost of KittyFluff the Cudgeller, a novice GrBe of Trog (D:4)
  5 yaks
  A steam dragon (D:6)
  2 water moccasins (D:7)
  2 ice beasts (D:7)
  2 orc warriors
  A black bear (D:7)
  5 ogres
  A centaur (D:9)
  The ghost of lotum the Digger, an amateur GrEE (D:3)
  2 kobold brigands (D:9)
  4 scorpions
  A bullfrog (D:8)
  9 wights
  5 killer bees
  5 howler monkeys
  2 hounds
  5 quasits
  3 gnoll boudas
  4 jellies
  3 orc priests (D:9)
  4 iguanas
  8 orc wizards
  Robin (D:3)
  10 gnolls
  11 adders
  4 shadow imps
  7 white imps
  3 ufetubi
  3 worms
  A dart slug (D:1)
  37 orcs
  9 endoplasms
  5 giant cockroaches
  12 goblins
  8 hobgoblins
  5 jackals
  3 quokkas
  9 ball pythons
  7 bats
  3 frilled lizards
  8 kobolds
  4 rats
228 creatures vanquished.

Notes
Turn   | Place    | Note
-------+----------+-------------------------------------------
     0 | D:1      | Joey1 the Minotaur Fighter began the quest for the Orb.
     0 | D:1      | Reached XP level 1. HP: 19/19 MP: 0/0
   275 | D:1      | Reached XP level 2. HP: 27/27 MP: 1/1
   622 | D:1      | Reached skill level 1 in Dodging
   760 | D:2      | Reached XP level 3. HP: 33/33 MP: 2/2
   944 | D:2      | Found Rumuilym's Magic Scroll Shoppe.
   949 | D:2      | Bought a scroll of identify for 28 gold pieces
   949 | D:2      | Bought a scroll of teleportation for 42 gold pieces
   949 | D:2      | Bought a scroll of identify for 28 gold pieces
  1049 | D:2      | Identified the +5 hand axe "Uleliuny" {drain, Dex+3 Stlth+}
  1279 | D:2      | Found Cuxiagh's Jewellery Shoppe.
  1285 | D:2      | Found a blossoming altar of Fedhas.
  1435 | D:2      | Found Xoinuw's Antique Weapon Boutique.
  1701 | D:3      | Reached XP level 4. HP: 40/40 MP: 3/3
  1831 | D:3      | Noticed Robin
  1854 | D:3      | Killed Robin
  2007 | D:3      | Found a sparkling altar of Nemelex Xobeh.
  2014 | D:3      | Found a burning altar of Makhleb.
  2014 | D:3      | Found a blossoming altar of Fedhas.
  2138 | D:3      | Noticed lotum's ghost (amateur GrEE)
  2232 | D:3      | Found a runed translucent gate.
  2233 | D:3      | Found a runed translucent gate.
  2236 | D:3      | Found a runed translucent gate.
  2872 | D:3      | Reached skill level 5 in Fighting
  2872 | D:3      | Reached XP level 5. HP: 42/48 MP: 4/4
  2916 | D:4      | Reached skill level 5 in Axes
  3080 | D:4      | Found Qotimp's Armour Shop.
  3123 | D:4      | Noticed an ogre
  3194 | D:4      | Killed an ogre
  3195 | D:4      | Reached XP level 6. HP: 57/57 MP: 5/5
  3214 | D:4      | Found Ziocog's Antique Weapon Boutique.
  3300 | D:4      | Found an iron altar of Okawaru.
  3318 | D:4      | Found Nugumul's Assorted Antiques.
  3334 | D:4      | Became a worshipper of Warmaster Okawaru
  3427 | D:4      | Found Siaxar's Armour Shop.
  3591 | D:4      | Found Uceeprin's Antique Weapon Shoppe.
  3625 | D:4      | Found a runed translucent door.
  3637 | D:4      | Noticed KittyFluff's ghost (novice GrBe)
  3921 | D:5      | Entered Level 5 of the Dungeon
  3955 | D:5      | Reached XP level 7. HP: 47/66 MP: 6/6
  4272 | D:5      | Found a broken altar of Ashenzari.
  4870 | D:4      | Bought a +0 kite shield for 58 gold pieces
  5034 | D:3      | Killed lotum's ghost
  5328 | D:6      | Noticed a steam dragon
  5347 | D:6      | Killed a steam dragon
  5348 | D:6      | Reached XP level 8. HP: 72/75 MP: 7/7
  5866 | D:6      | Reached * piety under Okawaru
  6032 | D:6      | Found a shimmering altar of Xom.
  6033 | D:6      | Found a hazy altar of Hepliaklqana.
  6034 | D:6      | Noticed a spectral ugly thing
  6318 | D:7      | Noticed a two-headed ogre
  6318 | D:7      | Found a transporter.
  6319 | D:7      | Found a bloodstained altar of Trog.
  6319 | D:7      | Noticed a moth of wrath
  6319 | D:7      | Noticed ketamineguy's ghost (novice MiFi)
  6326 | D:7      | Found a transporter.
  6342 | D:7      | Reached skill level 5 in Shields
  6671 | D:7      | Found Loacw's Assorted Antiques.
  6723 | D:7      | Found a staircase to the Ecumenical Temple.
  6734 | D:7      | Reached ** piety under Okawaru
  6738 | D:7      | Reached XP level 9. HP: 75/85 MP: 8/8
  6824 | D:7      | Reached skill level 10 in Fighting
  6900 | D:7      | Identified the +3 leather armour of Unuip {Harm Str+2 Int-3
                  | Slay+3}
  7135 | D:7      | Reached skill level 10 in Axes
  7157 | D:7      | Found a glowing silver altar of Zin.
  7171 | D:7      | Found a white marble altar of Elyvilon.
  7173 | D:7      | Found a glowing golden altar of the Shining One.
  7433 | D:7      | Bought a scroll labelled ARCHATHR IPAGGA for 20 gold pieces
  7752 | D:4      | Killed KittyFluff's ghost
  7895 | D:8      | Found a staircase to the Lair.
  7914 | D:8      | Reached *** piety under Okawaru
  8605 | D:8      | Found a basalt altar of Yredelemnul.
  8661 | D:8      | Reached **** piety under Okawaru
  8662 | D:8      | Reached XP level 10. HP: 78/94 MP: 9/9
  9496 | D:9      | Reached skill level 5 in Armour
  9758 | D:9      | Found a staircase to the Orcish Mines.
  9766 | D:9      | Noticed a two-headed ogre
  9778 | D:9      | Killed a two-headed ogre
  9778 | D:9      | Reached ***** piety under Okawaru
  9779 | D:9      | Reached skill level 10 in Shields
  9836 | D:9      | HP: 1/95 [troll (16)]
  9838 | D:9      | Slain by a troll

Illustrated notes

Levels and vault maps discovered:
D:1:      reono_arrival_forest_river, layout_rooms, minmay_tromino_v4_a
D:2:      layout_basic, serial_shops, shop, nicolae_shop_stone,
          nicolae_shop_window_shopping, basic_altar
D:3:      layout_basic, grunt_temple_overflow_open, gammafunk_ghost_split,
          guppyfry_early_lair_pool, uniq_robin
D:4:      layout_basic, mainiacjoe_overflow_boulevard,
          ebering_ghost_reflecting_pool, serial_shops,
          nicolae_shop_window_shopping, nicolae_stop_n_shop_2,
          nicolae_take_the_stairs, shop_fountains, shop, nicolae_grassy_gnolls
D:5:      layout_loops_ring, nicolae_ashenzari_panopticon
D:6:      layout_basic, regret_index_temple_of_mockery
D:7:      layout_basic, good_gods_temple_1, temple_statues,
          gammafunk_ghost_wrathful_warriors, nicolae_inconvenience_store,
          minmay_fractal_squares_5
D:8:      layout_gridville, kennysheep_mini_moat, lair_entry_dummy,
          serial_demonic, serial_demonic_e, serial_demonic_e, serial_demonic_a,
          serial_demonic_a
D:9:      layout_roguey, minmay_orc_entry_temple_small

Skill      XL: |  1  2  3  4  5  6  7  8  9 10 |
---------------+-------------------------------+-----
Dodging        | 1 2 4 |  4.5
Armour         | 4 6 |  6.0
Shields        | 4 7 9 10 | 10.0
Fighting       | 4 5 6 7 8 9 11 | 11.0
Axes           | 3 4 5 6 8 9 11 | 11.0

Action                   |  1- 3 |  4- 6 |  7- 9 | 10-12 || total
-------------------------+-------+-------+-------+-------++-------
Melee: War axe           |    54 |       |       |       ||    54
       Headbutt          |    10 |    11 |    45 |    15 ||    81
       Hand axe          |    23 |    93 |   229 |    86 ||   431
Invok: Heroism           |       |       |       |     1 ||     1
  Use: Scroll            |       |     4 |     4 |       ||     8
       Potion            |       |       |       |     1 ||     1
Armor: Scale mail        |    37 |    41 |    66 |    21 ||   165
Dodge: Dodged            |    32 |    60 |    70 |    26 ||   188
Block: Buckler           |    15 |    18 |    18 |       ||    51
       Kite shield       |       |       |   118 |    43 ||   161
       Reflection        |       |       |     1 |     6 ||     7
       Tower shield      |       |       |       |    44 ||    44
